 Dungeon Crawl Stone Soup version 0.26.1-11-gd32895ea62 (webtiles) character file.

Game seed: 1513533396789707734

685 Zeld the Chucker (level 7, -2/67 HPs)
             Began as a Troll Hunter on June 12, 2021.
             Was a Follower of Yredelemnul.
             Slain by a water moccasin (3 damage)
             ... on level 5 of the Dungeon.
             The game lasted 00:07:00 (4586 turns).

Zeld the Chucker (Troll Hunter)                     Turns: 4586, Time: 00:07:03

Health: -2/67      AC:  6    Str: 23    XL:     7   Next: 35%
Magic:  6/6        EV: 11    Int:  7    God:    Yredelemnul [*.....]
Gold:   143        SH:  5    Dex: 10    Spells: 6/6 levels left

rFire    . . .     SeeInvis .   (no weapon)
rCold    . . .     Faith    .   (no shield)
rNeg     . . .     Spirit   .   b - +0 robe
rPois    .         Reflect  +   (helmet restricted)
rElec    .         Harm     .   (no cloak)
rCorr    .         Rampage  .   (gloves unavailable)
Will     .....                  (boots unavailable)
Stlth    +.........             f - amulet of reflection
HPRegen  0.61/turn              (no ring)
MPRegen  0.10/turn              (no ring)

@: brilliant, lethally poisoned (-2 -> -14)
A: large, unfitting armour, claws 3, regeneration 1, shaggy fur 1, tough skin 3
a: Renounce Religion, Animate Remains


You were on level 5 of the Dungeon.
You worshipped Yredelemnul.
Yredelemnul was aware of your devotion.
You visited 1 branch of the dungeon, and saw 5 of its levels.

You collected 143 gold pieces.

Inventory:

Missiles
 c - 11 large rocks
 d - a throwing net (quivered)
Armour
 b - a +0 robe (worn)
Jewellery
 f - an amulet of reflection (around neck)
 i - an uncursed ring of protection from fire {unknown}
 p - an uncursed ring of poison resistance {unknown}
 s - an uncursed ring of poison resistance {unknown}
Scrolls
 a - a scroll of blinking {unknown}
 e - 8 scrolls of identify {unknown}
 g - 3 scrolls of magic mapping {unknown}
 h - 2 scrolls of fear {unknown}
 j - a scroll of fog {unknown}
 k - a scroll of enchant armour {unknown}
 l - 3 scrolls of remove curse {unknown}
 n - a scroll of enchant weapon {unknown}
 o - a scroll of noise {unknown}
 q - a scroll of teleportation {unknown}
 r - a scroll of amnesia {unknown}


   Skills:
 + Level 3.6 Fighting
 * Level 6.4 Throwing
 + Level 3.6 Dodging
 - Level 0.3 Stealth


You had 6 spell levels left.
You didn't know any spells.
Your spell library was empty.

Dungeon Overview and Level Annotations

Branches:
Dungeon (5/15)
 Temple: D:4-7

Altars:
Hepliaklqana
Makhleb
Qazlal
Wu Jian
Yredelemnul


Innate Abilities, Weirdness & Mutations

You are too large for most types of armour.
You have claws for hands.
Your natural rate of healing is unusually fast.
You are covered in fur. (AC +1)
You have extremely tough skin. (AC +3)


Message History

You claw the water moccasin!
The water moccasin is almost dead.
* * * LOW HITPOINT WARNING * * *
You feel very sick. The water moccasin barely misses you.
The water moccasin bites you but does no damage.
Unknown command.
You miss the water moccasin.
The water moccasin is almost dead.
* * * LOW HITPOINT WARNING * * *
You feel sick. The water moccasin bites you.
* * * LOW HITPOINT WARNING * * *
Unknown command.
You barely miss the water moccasin.
The water moccasin is almost dead.
* * * LOW HITPOINT WARNING * * *
You feel sick. The water moccasin barely misses you.
The water moccasin bites you.
You die...
Your body rises from the dead as a mindless zombie.

#....## #.......#....##
#.......#.....#
#.......#.....#
#.......+.....#
#......(#....##
#####.......#....#
#...#.......##'###..
#..@#...............
.##+####S#...............
.......OB.####+##........
..........#.....#........
..........#.....#......##
........†.#...!.########
.####....>#......#
#...........Z)###
#...####^####...#


You could see a water moccasin, an ogre and a worker ant.

Vanquished Creatures
  Sigmund (D:2)
  An ogre (D:4)
  A scorpion (D:4)
  A centaur skeleton (D:4)
  2 hounds
  3 orc priests
  A bullfrog skeleton (D:4)
  2 orc wizards (D:3)
  2 worker ants
  4 adders
  A worm (D:3)
  A dart slug (D:4)
  3 leopard geckos
  6 orcs
  3 giant cockroaches
  7 goblins
  7 hobgoblins
  2 jackals (D:1)
  A quokka (D:3)
  2 ball pythons
  7 bats
  6 frilled lizards
  3 kobolds (D:1)
  10 rats
77 creatures vanquished.

Vanquished Creatures (others)
  2 plants (D:2)
2 creatures vanquished.

Grand Total: 79 creatures vanquished

Notes
Turn   | Place    | Note
-------+----------+-------------------------------------------
     0 | D:1      | Zeld the Troll Hunter began the quest for the Orb.
     0 | D:1      | Reached XP level 1. HP: 19/19 MP: 0/0
   214 | D:1      | Reached XP level 2. HP: 27/28 MP: 1/1
   383 | D:1      | Reached skill level 4 in Throwing
  1081 | D:2      | Reached XP level 3. HP: 35/35 MP: 2/2
  1239 | D:2      | Found an ornate altar of the Wu Jian Council.
  1239 | D:2      | Found a faded altar of an unknown god.
  1249 | D:2      | Found a basalt altar of Yredelemnul.
  1251 | D:2      | Found a faded altar of an unknown god.
  1253 | D:2      | Found a burning altar of Makhleb.
  1256 | D:2      | Became a worshipper of Yredelemnul the Dark
  1296 | D:2      | Noticed Sigmund
  1579 | D:2      | Killed Sigmund
  1580 | D:2      | Reached skill level 5 in Throwing
  1580 | D:2      | Reached XP level 4. HP: 35/44 MP: 3/3
  1580 | D:2      | Reached XP level 5. HP: 39/50 MP: 4/4
  2480 | D:2      | Reached XP level 6. HP: 59/59 MP: 5/5
  3508 | D:4      | Reached * piety under Yredelemnul
  3552 | D:4      | Reached skill level 6 in Throwing
  3552 | D:4      | Reached XP level 7. HP: 55/67 MP: 6/6
  4011 | D:4      | Got a wavering jade amulet
  4044 | D:4      | Identified the amulet "Apruid" {Inacc rPois rN+++ Str-4
                  | Dex-4} (You found it on level 4 of the Dungeon)
  4197 | D:4      | Found a hazy altar of Hepliaklqana.
  4464 | D:5      | Entered Level 5 of the Dungeon
  4522 | D:5      | Found a stormy altar of Qazlal.
  4585 | D:5      | HP: 3/67 [poisoned by a water moccasin]
  4586 | D:5      | HP: 1/67 [poisoned by a water moccasin]
  4586 | D:5      | Slain by a water moccasin

Illustrated notes

Levels and vault maps discovered:
D:1:      minmay_arrival_split_and_join, layout_basic
D:2:      layout_rooms, chequers_temple_overflow_minitemple, serial_forest,
          infiniplex_forest_corner_1, infiniplex_forest_clump_cross,
          infiniplex_forest_straight_4, infiniplex_forest_straight_4,
          infiniplex_forest_lined_2, infiniplex_forest_clump_diagonal,
          infiniplex_forest_end_2, uniq_sigmund
D:3:      layout_basic
D:4:      layout_cave_pods, overflow_temple_1_default
D:5:      layout_gridville, minitemple, serial_shops, shop, lemuel_tele_altar,
          uniq_pikel

Skill      XL: |  1  2  3  4  5  6 |
---------------+-------------------+-----
Throwing       | 4 5 6 |  6.4
Dodging        | 2 3 |  3.6
Fighting       | 2 3 |  3.6
Stealth        | |  0.3

Action                   |  1- 3 |  4- 6 |  7- 9 || total
-------------------------+-------+-------+-------++-------
Melee: Unarmed           |   107 |   148 |    76 ||   331
Throw: Large rock        |     2 |       |       ||     2
       Throwing net      |       |       |     2 ||     2
Invok: Animate Remains   |       |       |     2 ||     2
  Use: Potion            |       |       |     1 ||     1
 Stab: Distracted        |     1 |       |       ||     1
Armor: Robe              |    40 |    41 |    19 ||   100
Dodge: Dodged            |    36 |    50 |    41 ||   127
Block: Other             |    11 |    34 |    14 ||    59
